 Dungeon Crawl Stone Soup version 0.24-a0-235-g3f03afc (webtiles) character file.

Game seed: 18066893417076334617

510 Gunnerkreig the Conjurer (level 7, -6/43 HPs)
             Began as an Octopode Wizard on Apr 5, 2019.
             Mangled by an unseen horror (12 damage)
             ... on level 6 of the Dungeon.
             The game lasted 00:16:07 (6761 turns).

Gunnerkreig the Conjurer (Octopode Wizard)          Turns: 6761, Time: 00:16:07

Health: -6/43      AC:  1    Str:  7    XL:     7   Next: 19%
Magic:  8/11       EV: 13    Int: 22    God:
Gold:   258        SH:  0    Dex: 10    Spells: 3/12 levels left

rFire    . . .     SeeInvis .   w - +2 flail (protect)
rCold    . . .     Gourm    .   (no shield)
rNeg     + . .     Faith    .   a - +0 hat
rPois    .         Spirit   .   (no amulet)
rElec    .         Reflect  .   q - ring of positive energy
rCorr    .         Harm     .   (no ring)
MR       .....                  (no ring)
Stlth    ++........             (no ring)
HPRegen  0.14/turn              (no ring)
MPRegen  0.12/turn              (no ring)
                                (no ring)
                                (no ring)

@: confused
A: almost no armour, stealthy swim, amphibious, 8 rings, constrict 8, camouflage
1, gelatinous body 1
a: no special abilities


You were on level 6 of the Dungeon.
You were hungry.

You visited 1 branch of the dungeon, and saw 6 of its levels.

You collected 258 gold pieces.

Inventory:

Hand Weapons
 s - a +0 trident
 w - a +2 flail of protection (weapon)
Missiles
 h - 110 stones
 k - 6 tomahawks (quivered)
 m - 30 sling bullets
 t - a throwing net
Armour
 a - a +0 hat (worn)
Jewellery
 q - a ring of positive energy (left tentacle)
Scrolls
 b - 4 scrolls of remove curse
 d - 2 scrolls of enchant armour {unknown}
 e - a scroll of amnesia {unknown}
 g - a scroll of immolation {unknown}
 i - 2 scrolls of identify
 j - 2 scrolls of teleportation
 l - 2 scrolls of magic mapping
 p - a scroll of holy word {unknown}
Potions
 f - a potion of invisibility
 n - a potion of lignification
 o - a potion of mutation
 r - 2 potions of heal wounds
 u - a potion of cancellation {unknown}
 v - a potion of might {unknown}
Comestibles
 c - 11 rations


   Skills:
 + Level 1.6 Fighting
 - Level 2.0 Dodging
 - Level 5.0 Stealth
 - Level 3.0 Spellcasting
 + Level 5.4 Conjurations
 - Level 1.0 Summonings
   Level 1.0 Translocations
 + Level 1.6 Fire Magic
 + Level 1.6 Air Magic
 - Level 2.0 Poison Magic


You had 3 spell levels left.
You knew the following spells:

 Your Spells              Type           Power        Failure   Level  Hunger
a - Magic Dart            Conj           ####         1%          1    None
b - Conjure Flame         Conj/Fire      ###.....     9%          3    ###....
c - Mephitic Cloud        Conj/Pois/Air  ###.....     11%         3    ###....
w - Call Imp              Summ           #.......     12%         2    ##.....

Your spell library contained the following spells:

 Spells                   Type           Power        Failure   Level  Hunger
 Apportation              Tloc           #.....       9%          1    None
 Summon Small Mammal      Summ           #...         9%          1    None
 Animate Skeleton         Necr           N/A          12%         1    None
 Confusing Touch          Hex            #.....       12%         1    None
 Blink                    Tloc           N/A          12%         2    ##.....
 Slow                     Hex            #.......     19%         2    ##.....


Dungeon Overview and Level Annotations

Branches:
Dungeon (6/15)
 Temple: D:4-7

Altars:
Dithmenos
Fedhas
Gozag
Hepliaklqana
Qazlal
Ru
Trog
Wu Jian
Xom
The Shining One

Shops:
D:5 %


Innate Abilities, Weirdness & Mutations

You cannot wear most types of armour.
You are very stealthy in the water. (Stealth+)
You are amphibious.
You can wear up to eight rings at the same time.
You can use your tentacles to constrict eight enemies at once.
Your skin changes colour to match your surroundings (Stealth+).
Your rubbery body absorbs attacks. (AC +1, EV +1)


Message History

Unknown command.
You bump into the rock wall.
You are engulfed in noxious fumes.
You choke on the stench!
You are more confused.
Something hits you. Something hits you but does no damage.
You are engulfed in noxious fumes.
You choke on the stench!
You are more confused.
Something barely misses you.
You bump into the rock wall.
You are engulfed in noxious fumes.
You choke on the stench!
You are more confused.
Something hits you!
You're too confused to cast spells.
You bump into the rock wall.
Something hits you.
* * * LOW HITPOINT WARNING * * *
You're too confused to cast spells.
You bump into the rock wall.
Something hits you.
* * * LOW HITPOINT WARNING * * *
You miss something. Something hits you!
You die...

.#. #.# #.# #. #.#
#. #.# #. #.# #.
#.# .##.
#{############.##.
#@..........##.##.
###########.##.##.
#.##.### #.##.#
#.##.### #.......
####.### #....
#####


There were no monsters in sight!

Vanquished Creatures
  A hound (D:4)
  2 orc priests
  A quasit (D:5)
  An orc wizard (D:4)
  3 worker ants
  A hound skeleton (D:4)
  6 gnolls
  8 adders
  A shadow imp (D:5)
  An ooze (D:1)
  5 worms
  A dart slug (D:5)
  6 leopard geckos
  8 orcs
  5 bats
  6 giant cockroaches
  15 goblins
  14 hobgoblins
  3 jackals (D:4)
  5 quokkas (D:4)
  A ball python (D:2)
  A ball python skeleton (D:3)
  7 frilled lizards
  10 kobolds
  8 rats
120 creatures vanquished.

Vanquished Creatures (others)
  5 toadstools (D:1)
5 creatures vanquished.

Grand Total: 125 creatures vanquished

Notes
Turn   | Place    | Note
-------+----------+-------------------------------------------
     0 | D:1      | Gunnerkreig the Octopode Wizard began the quest for the
                  | Orb.
     0 | D:1      | Reached XP level 1. HP: 11/11 MP: 4/4
   223 | D:1      | Reached XP level 2. HP: 10/17 MP: 0/6
  1034 | D:1      | Reached XP level 3. HP: 21/21 MP: 4/7
  1496 | D:2      | Found a shadowy altar of Dithmenos.
  1615 | D:1      | HP: 1/21 [adder (3)]
  1616 | D:1      | Reached XP level 4. HP: 2/27 MP: 0/8
  1874 | D:1      | Learned a level 2 spell: Call Imp
  1878 | D:1      | Learned a level 3 spell: Conjure Flame
  1882 | D:1      | Learned a level 3 spell: Mephitic Cloud
  2834 | D:2      | Found an opulent altar of Gozag.
  2836 | D:2      | Found a stormy altar of Qazlal.
  2836 | D:2      | Found a shimmering altar of Xom.
  2901 | D:2      | Found a hazy altar of Hepliaklqana.
  3035 | D:3      | Reached XP level 5. HP: 9/31 MP: 0/9
  3940 | D:3      | Reached skill level 5 in Stealth
  4472 | D:3      | Reached XP level 6. HP: 33/36 MP: 2/10
  4473 | D:3      | Reached skill level 5 in Conjurations
  4743 | D:4      | Found a blossoming altar of Fedhas.
  5145 | D:4      | Reached skill level 1 in Poison Magic
  5400 | D:4      | Reached skill level 1 in Air Magic
  5489 | D:4      | Reached skill level 1 in Fighting
  5489 | D:4      | Reached skill level 1 in Fire Magic
  5801 | D:5      | Entered Level 5 of the Dungeon
  5832 | D:5      | Found an ornate altar of the Wu Jian Council.
  5839 | D:5      | Reached XP level 7. HP: 39/43 MP: 5/11
  5840 | D:5      | Found a sacrificial altar of Ru.
  5896 | D:5      | Found a glowing golden altar of the Shining One.
  5939 | D:5      | Found Inyrphag's Food Emporium.
  6291 | D:5      | Found a bloodstained altar of Trog.
  6761 | D:6      | Mangled by an unseen horror

Levels and vault maps discovered:
D:1:      ldierk_walled_garden, layout_basic
D:2:      layout_loops_cross, grunt_dithmenos_smoke, marbit_many_paths,
          chequers_temple_overflow_statue_of_worship, minivault_26
D:3:      layout_basic
D:4:      layout_basic, serial_rivers, chequers_serial_rivers_small_b,
          chequers_serial_rivers_large_a, chequers_serial_rivers_room_b,
          chequers_serial_rivers_micro_d, chequers_serial_rivers_small_a,
          first_ration, fedhas_altar_3
D:5:      layout_loops_corners, old_standard_altar, grunt_temple_overflow_open,
          serial_shops, nicolae_shop_stone
D:6:      layout_loops_ring, serial_shops, nicolae_shop_waterfront,
          uniq_crazy_yiuf_cottage, uniq_pikel

Skill      XL: |  1  2  3  4  5  6  7 |
---------------+----------------------+-----
Stealth        | 3 4 5 |  5.0
Conjurations   | 2 3 4 5 |  5.4
Poison Magic   | 1 2 |  2.0
Air Magic      | 1 |  1.6
Fighting       | 1 |  1.6
Fire Magic     | 1 |  1.6
Dodging        | |  2.0
Spellcasting   | |  3.0
Summonings     | |  1.0
Translocations | |  1.0

Action                   |  1- 3 |  4- 6 |  7- 9 || total
-------------------------+-------+-------+-------++-------
Melee: Unarmed           |    26 |    10 |       ||    36
       Constrict         |     6 |    11 |       ||    17
       Tentacles         |     3 |     5 |     1 ||     9
       Dagger            |       |     8 |       ||     8
       Short sword       |       |    21 |     1 ||    22
       Flail             |       |       |     4 ||     4
 Cast: Magic Dart        |    72 |   215 |    17 ||   304
       Mephitic Cloud    |       |     1 |     1 ||     2
       Conjure Flame     |       |       |     1 ||     1
  Use: Potion            |     1 |     1 |       ||     2
       Scroll            |       |     6 |     1 ||     7
  Eat: Chunk             |     2 |    12 |     3 ||    17
Armor: Skin              |     1 |     2 |     2 ||     5
Dodge: Dodged            |    19 |    30 |     4 ||    53

Table legend:
 A = Non-vault XP
 B = Vault XP
 C = Vault XP percentage of total XP
 D = Non-vault monster count
 E = Vault monster count
 F = Vault count percentage of total count
                 A         B        C        D         E       F
            +---------+---------+-------+---------+---------+-------
      Total |     728 |       1 |   0.1 |     119 |       1 |   0.8
            +---------+---------+-------+---------+---------+-------
        D:1 |      61 |       0 |   0.0 |      27 |       0 |   0.0
        D:2 |      95 |       1 |   1.0 |      30 |       1 |   3.2
        D:3 |     196 |       0 |   0.0 |      34 |       0 |   0.0
        D:4 |     252 |       0 |   0.0 |      21 |       0 |   0.0
        D:5 |     124 |       0 |   0.0 |       7 |       0 |   0.0
            +---------+---------+-------+---------+---------+-------
